 Dungeon Crawl Stone Soup version 0.25.0-33-gff14898491 (webtiles) character file.

Game seed: 17581933314845937567

81 Peloso the Skirmisher (level 4, -2/35 HPs)
             Began as a Demonspawn Fighter on July 6, 2020.
             Splashed by a jelly's acid (4 damage)
             ... on level 2 of the Dungeon.
             The game lasted 00:03:09 (2024 turns).

Peloso the Skirmisher (Demonspawn Fighter)          Turns: 2024, Time: 00:03:09

Health: -2/35      AC: -1    Str: 17    XL:     4   Next: 19%
Magic:  4/4        EV:  7    Int: 16    God:
Gold:   73         SH:  9    Dex: 12    Spells: 3/3 levels left

rFire    . . .     SeeInvis .   a - +0 long sword
rCold    . . .     Gourm    .   c - +0 kite shield
rNeg     . . .     Faith    .   b - +0 scale mail
rPois    .         Spirit   .   (no helmet)
rElec    .         Reflect  .   (no cloak)
rCorr    .         Harm     .   (no gloves)
MR       .....                  (no boots)
Stlth    ..........             (no amulet)
HPRegen  0.11/turn              i - +6 ring of intelligence
MPRegen  0.09/turn              (no ring)

@: corroded
A: powered by pain 1
a: no special abilities


You were on level 2 of the Dungeon.
You were not hungry.

You visited 1 branch of the dungeon, and saw 2 of its levels.

You collected 73 gold pieces.

Inventory:

Hand Weapons
 a - a +0 long sword (weapon)
Armour
 b - a +0 scale mail (worn)
 c - a +0 kite shield (worn)
Jewellery
 i - a +6 ring of intelligence (left hand)
Scrolls
 g - a scroll of immolation {unknown}
 h - 2 scrolls of identify {unknown}
 j - 2 scrolls of enchant armour {unknown}
 l - a scroll of blinking {unknown}
 m - a scroll of enchant weapon {unknown}
Potions
 d - 4 potions of might
 e - a potion of berserk rage
 k - 3 potions of heal wounds {unknown}
Comestibles
 f - 4 rations
 n - 2 chunks of flesh


   Skills:
 + Level 3.3 Fighting
 + Level 2.5 Long Blades
 + Level 3.1 Armour
 + Level 1.1 Dodging
 + Level 3.3 Shields


You had 3 spell levels left.
You didn't know any spells.
Your spell library was empty.

Dungeon Overview and Level Annotations

Branches:
Dungeon (2/15)

Altars:
Xom


Innate Abilities, Weirdness & Mutations

You sometimes gain a little power by taking damage.


Message History

This raw flesh tastes terrible.
You butcher the iguana corpse.
n - 2 chunks of flesh
There is an open door here.
You see here an iguana skeleton.
There is an open door here.
You see here an iguana skeleton.
You open the door.
A jelly comes into view.
The jelly quivers.
You hit the jelly. The acid corrodes you!
Your hands burn!
The jelly is moderately wounded.
The jelly hits you. The acid corrodes you!
You are splashed with acid!
The jelly hits you.
You are splashed with acid!
You hit the jelly.
Your hands burn!
The jelly is moderately wounded.
The jelly hits you.
You are splashed with acid!
* * * LOW HITPOINT WARNING * * *
You hit the jelly but do no damage.
Your hands burn!
You die...

# ##.............##.#.# ######
###..........########## #.....
.....#######.# #... . #.####
###..# #..#..._... #.# # ##.#
#.##.......# #.# # #.#
#.##+##+##+## #.# # #.# #.##.
#.##J## #.# # #.# #.##J##÷##+##
#.# # #.#######.#..@......# #.#
#.......<.#.........# #.####
#.###.####..........### #..... ##
#..........>..#######.########
.#######.#[.####.# #......(...
.....(.......# #.# ##.########
..≈≈≈≈÷≈≈≈≈≈.###.# #.#
^.≈≈≈≈.≈≈≈≈≈..>..# #<########
..≈≈≈≈.≈≈≈≈≈.##.########.........


You could see a jelly.

Vanquished Creatures
  2 iguanas (D:2)
  An adder (D:2)
  A dart slug (D:1)
  A leopard gecko (D:1)
  3 giant cockroaches (D:1)
  7 goblins
  5 hobgoblins
  7 kobolds
  A quokka (D:2)
  7 bats
  2 frilled lizards (D:2)
  3 rats
40 creatures vanquished.

Notes
Turn   | Place    | Note
-------+----------+-------------------------------------------
     0 | D:1      | Peloso the Demonspawn Fighter began the quest for the Orb.
     0 | D:1      | Reached XP level 1. HP: 18/18 MP: 1/1
   155 | D:1      | Gained mutation: You sometimes gain a little power by
                  | taking damage. [demonic ancestry]
   155 | D:1      | Reached XP level 2. HP: 14/24 MP: 2/2
   624 | D:1      | Reached XP level 3. HP: 29/29 MP: 3/3
   949 | D:2      | Found a shimmering altar of Xom.
  1425 | D:2      | Reached XP level 4. HP: 27/35 MP: 4/4
  1676 | D:2      | Reached skill level 1 in Dodging
  2024 | D:2      | Splashed by a jelly's acid

Illustrated notes

Levels and vault maps discovered:
D:1:      scummos_arrival_forest, layout_loops_cross, minmay_misc_feat_roman
D:2:      layout_loops_ring, first_ration, minivault_14, dk_xom_monty_hall

Skill      XL: |  1  2  3  4 |
---------------+-------------+-----
Shields        | 3 |  3.3
Long Blades    | 2 |  2.5
Armour         | 3 |  3.1
Dodging        | 1 |  1.1
Fighting       | |  3.3

Action                   |  1- 3 |  4- 6 || total
-------------------------+-------+-------++-------
Melee: Long sword        |   130 |    31 ||   161
  Use: Potion            |     2 |       ||     2
  Eat: Chunk             |     2 |     2 ||     4
Armor: Scale mail        |   114 |    13 ||   127
Dodge: Dodged            |    54 |     9 ||    63
Block: Kite shield       |    95 |    12 ||   107
       Rpst.: Long sword |    23 |     5 ||    28
